 Dungeon Crawl Stone Soup version 0.16-a0-2970-ge3807df (webtiles) character file.

382 Kemay the Ducker (level 6, -8/46 HPs)
             Began as an Octopode Transmuter on Dec 5, 2014.
             Killed from afar by an orc wizard (10 damage)
             ... with a magic dart
             ... on level 5 of the Dungeon.
             The game lasted 00:19:29 (5120 turns).

Kemay the Ducker (Octopode Transmuter)              Turns: 5120, Time: 00:19:30

Health: -8/46      AC:  5    Str: 13    XL:     6   Next: 76%
Magic:  9/9        EV: 13    Int: 16    God:
Gold:   205        SH:  0    Dex: 13    Spells: 1 memorised, 8 levels left

rFire  . . .     SeeInvis .     b - +2 falchion (vamp)
rCold  . . .     Clarity  +     q - +1 buckler
rNeg   . . .     SustAb   .     o - +2 hat
rPois  .         Gourm    .     g - amulet of clarity
rElec  .         Spirit   .     (no ring)
rCorr  .         Warding  .     (no ring)
rMut   .         Stasis   .     (no ring)
MR     .....                    (no ring)
Stlth  ++........               (no ring)
                                (no ring)
                                (no ring)
                                (no ring)

@: confused, mighty, not resistant to hostile enchantments, unstealthy
A: almost no armour, amphibious, 8 rings, constrict 8, antennae 1, fangs 1, thin
metallic scales 1, camouflage 1, low mp 1, robust 1, weak 1, gelatinous body 1,
placid magic 1
a: no special abilities


You were on level 5 of the Dungeon.
You were not hungry.

You visited 1 branch of the dungeon, and saw 5 of its levels.

You collected 205 gold pieces.

Inventory:

Hand weapons
 b - a +2 vampiric falchion (weapon)
 m - a +1 trident
 y - a +0 short sword of venom
Armour
 o - a +2 hat (worn)
 q - a +1 buckler (worn)
Jewellery
 g - an amulet of clarity (around mantle)
 s - an uncursed amulet of the gourmand
Scrolls
 f - a scroll of recharging
 p - a scroll of remove curse
Potions
 c - a potion of haste
 v - a potion of resistance
Books
 d - a book of Changes

   Spells                             Type                      Level
   a - Beastly Appendage              Transmutation                1
   b - Sticks to Snakes               Transmutation                2
   c - Spider Form                    Transmutation/Poison         3
   d - Ice Form                       Ice/Transmutation            4
   e - Blade Hands                    Transmutation                5
 t - a book of Fire

   Spells                             Type                      Level
   a - Ignite Poison                  Fire/Transmutation           5
   b - Fireball                       Conjuration/Fire             5
   c - Bolt of Fire                   Conjuration/Fire             6
   d - Delayed Fireball               Conjuration/Fire             7
   e - Ring of Flames                 Charms/Fire                  7
Comestibles
 a - 3 bread rations
 h - a slice of pizza
 n - 5 meat rations
 x - 2 royal jellies
 z - a beef jerky


   Skills:
 + Level 3.2 Fighting
 - Level 5.0 Dodging
 + Level 4.6 Unarmed Combat
 - Level 2.0 Spellcasting
 - Level 2.0 Transmutations


You had 8 spell levels left.
You knew the following spells:

 Your Spells              Type           Power        Failure   Level  Hunger
a - Beastly Appendage     Trmt           #.....       5%          1    #......


Dungeon Overview and Level Annotations

Branches:
Dungeon (5/15)             Temple (0/1) D:5

Altars:
Cheibriados
Dithmenos
Qazlal
Trog
The Shining One

Shops:
D:5 *

Annotations:
D:5 Grinder


Innate Abilities, Weirdness & Mutations

You cannot wear most types of armour.
You are amphibious.
You can wear up to eight rings at the same time.
You can use your tentacles to constrict many enemies at once.
Your skin changes colour to match your surroundings (Stealth).
Your rubbery body absorbs attacks (AC +1).
You have a pair of small antennae on your head.
You have very sharp teeth.
You are partially covered in thin metallic scales (AC +2).
Your magical capacity is low (-10% MP).
You are robust (+10% HP).
You are weak. (Str -2)
Your spells are a little easier to cast, but a little less powerful.


Message History

The magic dart hits you!
* * * LOW HITPOINT WARNING * * *
Something hits you but does no damage.
You swing at nothing.
Something hits you but does no damage. Something hits you but does no damage.
Drink which item? (? for menu, Esc to quit)
You feel refreshed.
You hear some strange, mumbled words.
You feel momentarily confused. Something barely misses you.
Drink which item? (? for menu, Esc to quit)
You feel very mighty all of a sudden.
You hear some strange, mumbled words.
You feel momentarily confused.
You hear some strange, mumbled words.
The magic dart hits you!
* * * LOW HITPOINT WARNING * * *
You miss something. You squeeze something!
You hear some strange, mumbled words.
The magic dart hits you!
You die...

#.....[.......# #. #
#.........# #. # #.....†...#
###.#### ####......# #.......
#......####.#.....
#(..........#.....
#......#.........#
#{{....#.........#
####@.....#.........#
#..'......#.).......#
#########.##......#.........#
#.......#.#####.............#
#.#####.#.### #.###.....)...#
#...###.#...# #.............'
###.....#.#.# #.............#
#..######.# #.##..........#
#..##.....###.##..........#


There were no monsters in sight!

Vanquished Creatures
  The ghost of Kemay the Insei, a weakling GrMo (D:4)
  An orc priest (D:5)
  A centaur skeleton (D:4)
  3 worker ants (D:4)
  Natasha (twice) (D:3)
  An iguana (D:4)
  Terence (D:2)
  A worker ant zombie (D:5)
  Robin (D:3)
  2 adders
  An adder skeleton (D:5)
  2 giant geckos
  An ooze (D:5)
  8 orcs
  3 ball pythons
  A bat skeleton (D:4)
  3 giant cockroaches
  19 goblins
  11 hobgoblins
  A quokka (D:4)
  10 bats
  6 giant newts
  10 kobolds
  12 rats
102 creatures vanquished.

Notes
Turn   | Place    | Note
--------------------------------------------------------------
     0 | D:1      | Kemay, the Octopode Transmuter, began the quest for the Orb.
     0 | D:1      | Reached XP level 1. HP: 13/13 MP: 3/3
   162 | D:1      | Reached XP level 2. HP: 12/18 MP: 2/4
   689 | D:1      | Reached XP level 3. HP: 23/23 MP: 6/6
  1032 | D:2      | Found a bloodstained altar of Trog.
  1032 | D:2      | Found a stormy altar of Qazlal.
  1033 | D:2      | Found a snail-covered altar of Cheibriados.
  1041 | D:2      | Found a shadowy altar of Dithmenos.
  1237 | D:2      | Noticed Terence
  1254 | D:2      | Killed Terence
  1375 | D:2      | Reached skill level 4 in Dodging
  1584 | D:3      | Reached XP level 4. HP: 28/28 MP: 7/7
  1630 | D:3      | Noticed Robin
  1636 | D:3      | Killed Robin
  1823 | D:3      | Found a glowing golden altar of the Shining One.
  1890 | D:3      | Noticed Natasha
  1897 | D:3      | Killed Natasha
  2058 | D:3      | Reached skill level 5 in Dodging
  2155 | D:3      | Reached XP level 5. HP: 33/33 MP: 7/9
  2580 | D:3      | Noticed Natasha
  2590 | D:3      | Killed Natasha
  3282 | D:4      | Reached XP level 6. HP: 12/41 MP: 8/10
  4049 | D:4      | Noticed Kemay's ghost (weakling GrMo)
  4073 | D:4      | Killed Kemay's ghost
  4432 | D:5      | Entered Level 5 of the Dungeon
  4530 | D:5      | Found a staircase to the Ecumenical Temple.
  4541 | D:5      | Noticed Grinder
  4683 | D:5      | Gained mutation: Your mind is acute. (Int +2) [potion of mutation]
  4683 | D:5      | Gained mutation: You have very sharp teeth. [potion of mutation]
  4683 | D:5      | Lost mutation: Your mind is acute. (Int +2) [potion of mutation]
  5035 | D:5      | Gained mutation: You are robust (+10% HP). [potion of mutation]
  5035 | D:5      | Gained mutation: You have a pair of small antennae on your head. [potion of mutation]
  5035 | D:5      | Gained mutation: Your magical capacity is low (-10% MP). [potion of mutation]
  5036 | D:5      | Gained mutation: You are partially covered in thin metallic scales (AC +2). [potion of mutation]
  5036 | D:5      | Gained mutation: You are weak. (Str -2) [potion of mutation]
  5036 | D:5      | Gained mutation: Your spells are a little easier to cast, but a little less powerful. [potion of mutation]
  5091 | D:5      | Found Theshr Toask's Assorted Antiques.
  5119 | D:5      | HP: 2/46 [something/magic dart (7)]
  5120 | D:5      | Killed from afar by an orc wizard

Action                   |  1- 3 |  4- 6 || total
-------------------------+-------+-------++-------
Melee: Whip              |    26 |       ||    26
       Unarmed           |     3 |       ||     3
       Spear             |    56 |       ||    56
       Trident           |     4 |   165 ||   169
       Falchion          |       |     6 ||     6
 Cast: Beastly Appendage |    12 |    22 ||    34
 Abil: End Transformatio |       |     2 ||     2
  Use: Scroll            |     5 |     9 ||    14
       Potion            |       |    16 ||    16
 Stab: Sleeping          |     6 |     7 ||    13
       Confused          |       |     2 ||     2
       Invisible         |       |     1 ||     1
  Eat: Chunk             |     2 |    23 ||    25
